 Dungeon Crawl Stone Soup version 0.30.1-4-g462c640d31 (webtiles) character file.

Game seed: 7340566203454512933

378 ChiefBigBeans the Shooter (level 6, 0/38 HPs)
             Began as a Tengu Hunter on Sept 12, 2023.
             Succumbed to an orc wizard's poison
             ... on level 3 of the Dungeon.
             The game lasted 00:04:01 (1800 turns).

ChiefBigBeans the Shooter (Tengu Hunter)            Turns: 1800, Time: 00:04:02

Health: 0/38       AC:  4    Str: 11    XL:     6   Next: 74%
Magic:  7/7        EV: 16    Int: 10    God:
Gold:   86         SH:  0    Dex: 19    Spells: 5/5 levels left

rFire   . . .        a - +0 shortbow
rCold   . . .        (shield currently unavailable)
rNeg    . . .        c - +0 leather armour
rPois   .            (helmet restricted)
rElec   .            k - +0 cloak
rCorr   .            (no gloves)
SInv    .            (boots unavailable)
Will    .....        (no amulet)
Stlth   +            (no ring)
HPRegen 0.26/turn    (no ring)
MPRegen 0.10/turn

%: no passive effects
@: confused, lethally poisoned (0 -> -21), flying quickly and evasively, quick
A: beak, talons 3, nimble flight
a: no special abilities


You were on level 3 of the Dungeon.
You visited 1 branch of the dungeon, and saw 3 of its levels.

You collected 86 gold pieces.

Inventory:

Hand Weapons
 a - a +0 shortbow (weapon)
 g - a +0 short sword
 i - a +1 dagger of protection
Armour
 c - a +0 leather armour (worn)
 h - a +0 buckler
 k - a +0 cloak (worn)
Jewellery
 o - a ring of wizardry
Scrolls
 b - a scroll of immolation
 f - 4 scrolls of identify {unknown}
 j - 2 scrolls of teleportation {unknown}
Potions
 d - 3 potions of curing {unknown}
 e - a potion of attraction {unknown}
 l - 2 potions of might {unknown}
 m - a potion of magic {unknown}
 n - a potion of haste {unknown}


   Skills:
 + Level 3.7 Fighting
 + Level 5.7 Ranged Weapons
 + Level 3.2 Armour
 + Level 4.2 Dodging
 - Level 1.3 Stealth


You had 5 spell levels left.
You didn't know any spells.
Your spell library was empty.

Dungeon Overview and Level Annotations

Branches:
Dungeon (3/15)

Altars:
Kikubaaqudgha

Shops:
D:1 =   D:2 ([


Innate Abilities, Weirdness & Mutations

You have a beak for a mouth.
You have claws for feet.
Your magical nature lets you fly swiftly and evasively.


Message History

You shoot an arrow. The arrow hits the orc.
The orc is moderately wounded.
A jackal comes into view.
You shoot an arrow. The arrow hits the orc.
The orc is severely wounded.
You shoot an arrow. The arrow barely misses the orc.
You shoot an arrow. The arrow hits the orc!
You kill the orc!
Something hits you but does no damage.
You are poisoned.
You hear some strange, mumbled words.
You are confused.
You are too confused!
You are too confused!
You are too confused!
You are too confused!
You are too confused!
You are too confused!
You are too confused!
You bump into the rock wall.
You feel very sick. Something hits you.
You are more poisoned.
You feel very sick. Something hits you but does no damage.
You are more poisoned.
You feel very sick.
You are too confused!
You bump into the rock wall.
You feel very sick.
A magic dart appears from out of thin air!
The magic dart hits you!
* * * LOW HITPOINT WARNING * * *
* * * LOW HITPOINT WARNING * * *
You feel very sick. Something hits you.
* * * LOW HITPOINT WARNING * * *
You are more poisoned.
You're too confused to move!
You die...

#.#
#.#
#.#
#.#
#.#
#.#
#.#
#.####
#..@†#
####{#
.)#
...#
###.#
#)#
#.#
..#


There were no monsters in sight!

Vanquished Creatures
  Sigmund (D:2)
  A jelly (D:2)
  Natasha (thrice) (D:2)
  A gnoll (D:1)
  3 adders (D:2)
  A worm (D:2)
  3 dart slugs (D:2)
  6 orcs
  4 ball pythons
  2 bats (D:1)
  3 endoplasms (D:1)
  4 giant cockroaches
  3 hobgoblins
  5 jackals
  2 kobolds (D:2)
  5 quokkas
  3 frilled lizards
  9 goblins
  5 rats
64 creatures vanquished.

Notes
Turn   | Place    | Note
-------+----------+-------------------------------------------
     0 | D:1      | ChiefBigBeans the Tengu Hunter began the quest for the Orb.
     0 | D:1      | Reached XP level 1. HP: 12/12 MP: 2/2
     6 | D:1      | Noticed a wolf
     6 | D:1      | Noticed a polar bear
     6 | D:1      | Noticed a black mamba
     7 | D:1      | Noticed a six-headed hydra
    76 | D:1      | Reached XP level 2. HP: 15/17 MP: 3/3
   212 | D:1      | Reached XP level 3. HP: 18/22 MP: 4/4
   279 | D:1      | Reached skill level 1 in Armour
   449 | D:1      | Found Lalic's One-of-a-Kind Rings.
   956 | D:2      | Reached XP level 4. HP: 17/27 MP: 5/5
  1064 | D:2      | Noticed Natasha
  1067 | D:2      | Killed Natasha
  1068 | D:2      | Reached skill level 5 in Ranged Weapons
  1078 | D:2      | Found Qitist's Weapon Shop.
  1082 | D:2      | Noticed Sigmund
  1090 | D:2      | Killed Sigmund
  1091 | D:2      | Gained mutation: Your magical nature lets you fly swiftly
                  | and evasively. [Tengu growth]
  1091 | D:2      | Reached XP level 5. HP: 32/32 MP: 6/6
  1091 | D:2      | Reached XP level 6. HP: 37/37 MP: 7/7
  1208 | D:2      | Found Ufi Kufycu's Antique Armour Boutique.
  1214 | D:2      | Noticed Natasha
  1228 | D:2      | Killed Natasha
  1235 | D:2      | Noticed Natasha
  1284 | D:2      | Killed Natasha
  1374 | D:2      | Found an ancient bone altar of Kikubaaqudgha.
  1800 | D:3      | Succumbed to an orc wizard's poison

Illustrated notes

Levels and vault maps discovered:
D:1:      onia_arrival_zoo_common, layout_loops_cross,
          nicolae_shop_unique_rings, minivault_23
D:2:      layout_loops_ring, basic_altar, serial_shops, shop,
          nicolae_shop_temple_entry_statues_fountains, minmay_divided_ellipse,
          uniq_sigmund, uniq_natasha
D:3:      layout_basic, nicolae_overflow_hidden_temple,
          shapermc_ecumenical_altar_notcrosses

Skill      XL: |  1  2  3  4  5  6 |
---------------+-------------------+-----
Armour         | 1 2 3 |  3.2
Dodging        | 3 4 |  4.2
Ranged Weapons | 5 |  5.7
Fighting       | 3 |  3.7
Stealth        | |  1.3

Action                     |  1- 3 |  4- 6 || total
---------------------------+-------+-------++-------
   Fire: Shortbow          |    75 |    97 ||   172
 Armour: Leather armour    |     5 |     5 ||    10
  Dodge: Dodged            |    22 |    41 ||    63
